 Dungeon Crawl Stone Soup version 0.29-a0-451-gfbfa42419e (webtiles) character file.

Game seed: 7496592155107202238

39 freelancePsychic the Cutter (level 3, -1/26 HPs)
             Began as a Demonspawn Chaos Knight on May 19, 2022.
             Was a Plaything of Xom.
             Succumbed to an adder's poison
             ... on level 1 of the Dungeon.
             The game lasted 00:01:51 (1099 turns).

freelancePsychic the Cutter (DsCK)                  Turns: 1099, Time: 00:01:52

Health: -1/26      AC:  3    Str: 14    XL:     3   Next: 26%
Magic:  3/3        EV: 11    Int: 13    God:    Xom [......]
Gold:   72         SH:  0    Dex: 12    Spells: 2/2 levels left

rFire   . . .      SeeInvis .   a - +0 short sword (chaos)
rCold   . . .      Faith    .   (no shield)
rNeg    . . .      Spirit   .   b - +2 leather armour
rPois   .          Reflect  .   (no helmet)
rElec   .          Harm     .   (no cloak)
rCorr   .          Rampage  .   (no gloves)
Will    .....                   (no boots)
Stlth   +.........              (no amulet)
HPRegen 0.08/turn               (no ring)
MPRegen 0.08/turn               (no ring)

@: lethally poisoned (-1 -> -9), invisible, unable to read
A: powered by pain 1, weakness stinger 1, deformed body, frail 1, inability to
read while threatened
a: Renounce Religion


You were on level 1 of the Dungeon.
You worshipped Xom.
You were a very special plaything of Xom.
You visited 1 branch of the dungeon, and saw 2 of its levels.

You collected 72 gold pieces.

Inventory:

Hand Weapons
 a - a +0 short sword of chaos (weapon)
Armour
 b - a +2 leather armour (worn)
Jewellery
 i - a ring of fire
Scrolls
 e - 2 scrolls of enchant armour {unknown}
 g - a scroll of torment {unknown}
 j - a scroll of teleportation {unknown}
 k - 2 scrolls of vulnerability {unknown}
Potions
 f - a potion of resistance {unknown}
 h - 2 potions of brilliance {unknown}
Miscellaneous
 c - a piece from Xom's chessboard (15/15) (quivered)


   Skills:
 + Level 3.4 Fighting
 * Level 3.6 Short Blades
 - Level 1.7 Armour
 - Level 0.8 Dodging


You had 2 spell levels left.
You didn't know any spells.
Your spell library contained the following spells:

 Spells                   Type           Power      Damage    Failure   Level
 Necrotize                Necr           0%         1d4       36%         1
 Poisonous Vapours        Pois/Air       0%         N/A       50%         2
 Vampiric Draining        Necr           0%         2d6       75%         3
 Anguish                  Hex/Necr       0%         N/A       98%         4
 Corpse Rot               Necr/Pois/Air  0%         N/A       98%         4
 Agony                    Necr           0%         N/A       100%        5
 Enfeeble                 Hex            0%         N/A       100%        7


Dungeon Overview and Level Annotations

Branches:
Dungeon (2/15)

Altars:


Innate Abilities, Weirdness & Mutations

You sometimes gain a little power by taking damage.
You have a small tail.
Armour fits poorly on your strangely shaped body.
You are frail. (-10% HP)
You sometimes lose the ability to read scrolls when taking damage.


Message History

You are too injured to fight recklessly!
You are too injured to fight recklessly!
You are too injured to fight recklessly!
You are too injured to fight recklessly!
You are too injured to fight recklessly!
You closely miss the adder.
The adder is heavily wounded.
You feel sick. The adder barely misses you.
You hit the adder.
The adder seems to grow stronger.
Xom thinks this is hilarious!
The adder is severely wounded.
You feel sick. The adder bites you. x2
You barely miss the adder.
The adder is severely wounded.
You feel sick. The adder barely misses you.
You closely miss the adder.
The adder is severely wounded.
You feel sick. The adder bites you.
* * * LOW HITPOINT WARNING * * *
It was a potion of invisibility.
You fade into invisibility!
Xom thinks this is hilarious!
You feel sick. "Let me alter your body."
Your body is suffused with distortional energy.
Your body twists and deforms.
You lose the ability to read scrolls when threatened.
You feel frail. The adder misses you.
You miss the adder.
Your tail-slap misses the adder.
The adder is severely wounded.
You feel sick. The adder bites you.
You feel threatened and lose the ability to read scrolls!
* * * LOW HITPOINT WARNING * * *
You are more poisoned.
The adder poisons you!
You hit the adder.
You kill the adder!
You die...
Xom titters!

### ..# ...# #.# #..# #.# #..#
###### #)# #..# #..... #. #@#
#..# #.#### #.# #.# ##..# #.#
#.# #.###...#####.#
#.#######.#...#.......#
#...........#...#######
#.##..♣♣♣♣♣..##.#####
#.#...♣♣♣♣♣.♣.....†.#
#>.♣♣.♣∩∩∩.♣♣♣.⌠###.#
#####..♣♣∩.....∩♣♣...##.######


There were no monsters in sight!

Vanquished Creatures
  An adder (D:1)
  2 dart slugs (D:1)
  A ball python (D:1)
  3 bats
  4 endoplasms
  A giant cockroach (D:1)
  8 goblins
  4 hobgoblins (D:1)
  2 jackals (D:1)
  2 rats (D:1)
28 creatures vanquished.

Notes
Turn   | Place    | Note
-------+----------+-------------------------------------------
     0 | D:1      | freelancePsychic the Demonspawn Chaos Knight began the
                  | quest for the Orb.
     0 | D:1      | Reached XP level 1. HP: 18/18 MP: 1/1
     5 | D:1      | You fall into a shaft and drop 1 floor!
   166 | D:2      | XOM: silly message
   236 | D:1      | Gained mutation: You have a small tail. [demonic ancestry]
   236 | D:1      | Reached XP level 2. HP: 24/24 MP: 2/2
   531 | D:1      | XOM: silly message
   587 | D:1      | XOM: noise
   607 | D:1      | Gained mutation: You sometimes gain a little power by
                  | taking damage. [demonic ancestry]
   607 | D:1      | Reached XP level 3. HP: 27/29 MP: 3/3
   713 | D:1      | XOM: noise
  1089 | D:1      | XOM: polymorph goblin -> adder
  1097 | D:1      | XOM: give mutations
  1097 | D:1      | Gained mutation: Armour fits poorly on your strangely
                  | shaped body. [Xom's mischief]
  1097 | D:1      | Gained mutation: You sometimes lose the ability to read
                  | scrolls when taking damage. [Xom's mischief]
  1097 | D:1      | Gained mutation: You are frail. (-10% HP) [Xom's mischief]
  1098 | D:1      | HP: 1/26 [adder (5)]
  1099 | D:1      | Succumbed to an adder's poison

Illustrated notes

Levels and vault maps discovered:
D:1:      heliophobic_arrival_henge, layout_loops_ring, minivault_25
D:2:      layout_basic, nicolae_concentric_dashed_squares_mild, minmay_cut_off,
          uniq_robin

Skill      XL: |  1 |
---------------+----+-----
Short Blades   | 3 |  3.6
Fighting       | |  3.4
Armour         | |  1.7
Dodging        | |  0.8

Action                   || total
-------------------------++-------
Melee: Short sword       ||    87
       Tailslap          ||     7
       Punch             ||     1
  Use: Potion            ||     1
Armor: Leather armour    ||    30
Dodge: Dodged            ||    41

Table legend: (Time is in decaauts)
 A = Elapsed time spent in this place.
 B = Non-inter-level travel time spent in this place.
 C = Inter-level travel time spent in this place.
 D = Time resting spent in this place.
 E = Time spent auto-exploring this place.
 F = Levels seen in this place.
 G = Mean time per level.
                   A        B        C        D        E       F      G
               +--------+--------+--------+--------+--------+-----+--------+
         Total |   1092 |   1090 |      2 |      0 |    870 |   2 |  546.0 |
       Dungeon |   1092 |   1090 |      2 |      0 |    870 |   2 |  546.0 |
               +--------+--------+--------+--------+--------+-----+--------+

Top non-repeatable levels by time:
     D:1: 871 daAuts
     D:2: 221 daAuts
